 Dungeon Crawl Stone Soup version 0.27-a0-394-g49c82dfaf2 (webtiles) character file.

Game seed: 1997185565162962330

436 hobsini the Slasher (level 7, -1/81 HPs)
             Began as a Human Fighter on Feb 20, 2021.
             Succumbed to Xavori's ghost's poison
             ... on level 5 of the Dungeon.
             The game lasted 00:30:43 (3848 turns).

hobsini the Slasher (Human Fighter)                 Turns: 3848, Time: 00:30:43

Health: -1/81      AC: 10    Str: 17 (19) XL:     7   Next: 21%
Magic:  7/7        EV: 11    Int:  6 (8)  God:
Gold:   164        SH:  9    Dex: 11 (12) Spells: 6/6 levels left

rFire    . . .     SeeInvis .   a - +0 long sword
rCold    . . .     Faith    .   c - +0 kite shield
rNeg     . . .     Spirit   .   b - +0 scale mail
rPois    .         Reflect  .   (no helmet)
rElec    .         Harm     .   w - +0 cloak
rCorr    .         Rampage  .   h - +0 pair of gloves
Will     .....                  s - +0 pair of boots
Stlth    ..........             (no amulet)
HPRegen  0.23/turn              n - +4 ring of evasion
MPRegen  0.10/turn              (no ring)

@: berserking (expiring), lethally poisoned (-1 -> -32), very quick
A: no striking features
a: no special abilities


You were on level 5 of the Dungeon.
You visited 1 branch of the dungeon, and saw 5 of its levels.

You collected 164 gold pieces.

Inventory:

Hand Weapons
 a - a +0 long sword (weapon)
 g - a +0 dagger
 o - a +0 lajatang
 v - a +3 vampiric dagger
 y - a +0 falchion
 z - a +0 hand axe
 B - a +0 vorpal morningstar
 D - a +0 hand axe
 I - a +0 morningstar
Missiles
 j - 12 poisoned darts
 p - 5 datura-tipped darts (quivered)
Armour
 b - a +0 scale mail (worn)
 c - a +0 kite shield (worn)
 h - a +0 pair of gloves (worn)
 s - a +0 pair of boots (worn)
 w - a +0 cloak (worn)
 x - a +0 robe
Jewellery
 l - a ring of fire
 n - a +4 ring of evasion (left hand)
Wands
 m - a wand of iceblast (6)
 G - a wand of polymorph (7)
Scrolls
 f - 2 scrolls of identify
 q - a scroll of fog
 t - a scroll of random uselessness {unknown}
 u - a scroll of enchant weapon {unknown}
 C - a scroll of fear {unknown}
 E - a scroll of blinking {unknown}
 H - a scroll of immolation {unknown}
 J - a scroll of enchant armour {unknown}
Potions
 d - a potion of might
 i - a potion of degeneration
 k - a potion of magic
 r - a potion of invisibility {unknown}
 A - a potion of haste {unknown}
 F - a potion of heal wounds {unknown}


   Skills:
 + Level 4.1 Fighting
 + Level 4.7 Long Blades
 + Level 4.2 Armour
 + Level 1.1 Dodging
 + Level 0.4 Stealth
 + Level 4.2 Shields


You had 6 spell levels left.
You didn't know any spells.
Your spell library was empty.

Dungeon Overview and Level Annotations

Branches:
Dungeon (5/15)
 Temple: D:4-7

Altars:

Annotations:
D:5 Xavori's ghost, novice OpCK


Message History

It was a potion of degeneration.
There was something very wrong with that liquid.
You feel weakened.
You feel dopey.
You feel clumsy.
* * * LOW HITPOINT WARNING * * *
You feel sick. Xavori's ghost closely misses you.
You riposte.
You slash Xavori's ghost!
Xavori's ghost is almost destroyed.
It was a potion of magic.
Magic courses through your body.
* * * LOW HITPOINT WARNING * * *
You feel sick.
Xavori's ghost hits you but does no damage.
You are more poisoned.
It was a potion of berserk rage.
A red film seems to cover your vision as you go berserk!
You feel yourself moving faster!
You feel mighty!
* * * LOW HITPOINT WARNING * * *
You feel sick. You block Xavori's ghost's attack.
You closely miss Xavori's ghost.
Xavori's ghost is almost destroyed.
* * * LOW HITPOINT WARNING * * *
You feel very sick. You block Xavori's ghost's attack.
You closely miss Xavori's ghost.
Xavori's ghost is almost destroyed.
* * * LOW HITPOINT WARNING * * *
You feel sick. Xavori's ghost hits you.
* * * LOW HITPOINT WARNING * * *
You are more poisoned.
You hit Xavori's ghost.
Xavori's ghost is almost destroyed.
* * * LOW HITPOINT WARNING * * *
You feel sick. You block Xavori's ghost's attack.
You barely miss Xavori's ghost.
Xavori's ghost is almost destroyed.
* * * LOW HITPOINT WARNING * * *
You feel very sick. Xavori's ghost hits you.
* * * LOW HITPOINT WARNING * * *
You are more poisoned.
You die...

##.. .# #... ####.###
#... #......
#####.#####.##.#####
...................#
#####....###'''###...
#...##.......##
#...#.........##
#..##..W.@.....#
#..#...####....#
#.##..## ##...#
#######.#..#
.....##..#
......#.#..#
..=...#..# ###...#..#
.....#.. #
#.....##..###..... .#
#.#....#.....W... #.#
# #....##...####
###..#


You could see Xavori's ghost.

Vanquished Creatures
  A howler monkey (D:5)
  A hound (D:4)
  An iguana (D:5)
  3 orc wizards
  A worker ant (D:4)
  A hound skeleton (D:4)
  10 adders
  A white imp (D:5)
  An adder skeleton (D:4)
  3 worms
  2 dart slugs (D:1)
  An adder simulacrum (D:5)
  4 leopard geckos
  11 orcs
  7 bats
  4 giant cockroaches
  11 goblins
  7 hobgoblins
  14 jackals
  3 kobolds
  A quokka (D:3)
  2 frilled lizards
  2 giant cockroach simulacra (D:5)
  8 rats
100 creatures vanquished.

Notes
Turn   | Place    | Note
-------+----------+-------------------------------------------
     0 | D:1      | hobsini the Human Fighter began the quest for the Orb.
     0 | D:1      | Reached XP level 1. HP: 18/18 MP: 1/1
   166 | D:1      | Reached XP level 2. HP: 22/24 MP: 2/2
   595 | D:1      | Reached XP level 3. HP: 29/29 MP: 3/3
  1715 | D:2      | Reached XP level 4. HP: 26/35 MP: 4/4
  2314 | D:3      | Reached XP level 5. HP: 34/41 MP: 5/5
  3080 | D:4      | Reached XP level 6. HP: 39/48 MP: 6/6
  3680 | D:5      | Entered Level 5 of the Dungeon
  3700 | D:5      | Reached XP level 7. HP: 54/54 MP: 7/7
  3711 | D:5      | Reached skill level 1 in Dodging
  3759 | D:5      | Noticed Xavori's ghost (novice OpCK)
  3796 | D:5      | Found a runed translucent gate.
  3796 | D:5      | Found a runed translucent gate.
  3796 | D:5      | Found a runed translucent gate.
  3847 | D:5      | HP: 2/81 [poisoned by Xavori's ghost]
  3848 | D:5      | Succumbed to Xavori's ghost's poison

Illustrated notes

Levels and vault maps discovered:
D:1:      zaba_arrival_water, layout_loops_ring, minmay_misc_feat_hallway
D:2:      cheibrodos_old_hovel, layout_basic
D:3:      layout_basic
D:4:      layout_rooms
D:5:      layout_loops_corners, temple_hall, gammafunk_ghost_icy,
          kennysheep_decorative_pillar, st_stairs_14

Skill      XL: |  1  2  3  4  5  6  7 |
---------------+----------------------+-----
Long Blades    | 3 4 |  4.7
Armour         | 4 |  4.2
Shields        | 4 |  4.2
Fighting       | 4 |  4.1
Dodging        | 1 |  1.1
Stealth        | |  0.4

Action                   |  1- 3 |  4- 6 |  7- 9 || total
-------------------------+-------+-------+-------++-------
Melee: Long sword        |    97 |   248 |    61 ||   406
  Use: Scroll            |       |     5 |       ||     5
       Potion            |       |       |     3 ||     3
Armor: Scale mail        |    40 |   136 |    16 ||   192
Dodge: Dodged            |    33 |    73 |    17 ||   123
Block: Kite shield       |    52 |   136 |    29 ||   217
       Rpst.: Long sword |    13 |    27 |     7 ||    47

Table legend: (Time is in decaauts)
 A = Elapsed time spent in this place.
 B = Non-inter-level travel time spent in this place.
 C = Inter-level travel time spent in this place.
 D = Time resting spent in this place.
 E = Time spent auto-exploring this place.
 F = Levels seen in this place.
 G = Mean time per level.
                   A        B        C        D        E       F      G
               +--------+--------+--------+--------+--------+-----+--------+
         Total |   4038 |   4038 |      0 |      0 |      0 |   5 |  807.6 |
       Dungeon |   4038 |   4038 |      0 |      0 |      0 |   5 |  807.6 |
               +--------+--------+--------+--------+--------+-----+--------+

Top non-repeatable levels by time:
     D:2: 1169 daAuts
     D:3: 1142 daAuts
     D:1: 816 daAuts
     D:4: 719 daAuts
     D:5: 190 daAuts
